Map: [ESL] Gresvan

Players

Krystianer

  • Race: Protoss Protoss
  • Spawn Location: 11:00

ShoWTimE - Winner!

  • Race: Protoss Protoss
  • Spawn Location: 5:00

Event: ESL SC2 Masters 2023 Summer (Finals)

VOD

Have the link to the VOD?

Description

Time

  • Played on: June 16, 2023, 10:01 a.m.
  • Length: 7:58

All games in this series

Show
View Real Time Build Order
Export as new Build Order

Krystianer Protoss 

Build Orders: Oracle Opening 

Get SALT Encoding   

  12  0:00  Probe  
  13  0:12  Probe  
  14  0:17  Pylon  
  14  0:24  Probe (Chrono Boost)  
  16  0:37  Probe (Chrono Boost), Gateway  
  16  0:42  Probe (Chrono Boost)  
  16  0:45  Assimilator  
  17  0:51  Probe  
  17  0:54  Assimilator  
  18  1:03  Probe (Chrono Boost)  
  19  1:07  Gateway  
  19  1:14  Probe (Chrono Boost)  
  20  1:18  Probe (Chrono Boost)  
  21  1:27  Cybernetics Core  
  21  1:29  Probe  
  22  1:38  Pylon  
  22  1:42  Probe  
  23  1:56  Probe  
  23  2:01  Warp Gate (Chrono Boost)  
  24  2:03  Adept x2  
  28  2:08  Probe  
  28  2:09  Shield Battery  
  28  2:15  Pylon  
  29  2:20  Probe  
  30  2:33  Adept x2  
  34  2:51  Nexus  
  34  3:00  Stargate  
  33  3:05  Probe  
  33  3:11  Stalker  
  36  3:21  Probe, Pylon  
  36  3:26  Shield Battery  
  37  3:33  Probe  
  38  3:41  Oracle (Chrono Boost)  
  39  3:49  Stalker  
  39  3:51  Stalker  
  41  3:56  Probe  
  35  4:10  Probe (Chrono Boost)  
  35  4:11  Oracle (Chrono Boost)  
  35  4:15  Probe (Chrono Boost)  
  38  4:25  Probe x2 (Chrono Boost)  
  38  4:28  Stalker  
  40  4:31  Stalker  
  40  4:35  Probe  
  40  4:37  Probe  
  44  4:47  Probe  
  44  4:49  Probe  
  43  4:55  Twilight Council  
  43  5:00  Stalker  
  43  5:02  Probe (Chrono Boost)  
  43  5:03  Probe (Chrono Boost)  
  47  5:12  Stalker  
  50  5:16  Probe (Chrono Boost)  
  50  5:20  Probe (Chrono Boost)  
  51  5:23  Probe (Chrono Boost)  
  51  5:26  Probe (Chrono Boost)  
  53  5:32  Stalker  
  53  5:34  Blink (Chrono Boost)  
  55  5:36  Probe x2 (Chrono Boost)  
  55  5:41  Probe (Chrono Boost)  
  54  5:43  Probe  
  56  5:52  Probe  
  56  5:56  Probe  
  55  6:02  Nexus  
  55  6:06  Probe (Chrono Boost)  
  55  6:10  Pylon  
  57  6:11  Probe (Chrono Boost)  
  57  6:17  Stalker  
  59  6:23  Probe x2 (Chrono Boost)  
  59  6:24  Dark Shrine  
  61  6:27  Assimilator  
  61  6:31  Probe x2  
  63  6:36  Stalker  
  62  6:42  Pylon  
  62  6:43  Probe x2  
  64  6:50  Stalker  
  64  6:53  Pylon  
  66  6:55  Probe x2  
  68  7:01  Pylon  
  68  7:05  Shield Battery  
  68  7:07  Probe  
  68  7:08  Probe  
  70  7:10  Stalker  
  70  7:12  Stalker  
  70  7:14  Probe (Chrono Boost)  
  75  7:21  Probe (Chrono Boost)  
  77  7:23  Probe (Chrono Boost), Forge  
  77  7:26  Probe (Chrono Boost)  
  79  7:31  Probe (Chrono Boost)  
  79  7:33  Probe (Chrono Boost)  
  79  7:36  Probe (Chrono Boost), Dark Templar x2  
  77  7:40  Probe (Chrono Boost)  
  77  7:43  Probe  
Show
View Real Time Build Order
Export as new Build Order

ShoWTimE Protoss - Winner!

Build Orders: Oracle Opening 

Get SALT Encoding   

  12  0:00  Probe  
  13  0:12  Probe  
  14  0:17  Pylon  
  14  0:24  Probe (Chrono Boost)  
  15  0:36  Probe (Chrono Boost), Gateway  
  16  0:44  Probe (Chrono Boost)  
  16  0:46  Assimilator  
  17  0:50  Probe  
  18  1:03  Probe (Chrono Boost)  
  19  1:04  Assimilator  
  19  1:09  Gateway  
  19  1:13  Probe (Chrono Boost)  
  19  1:18  Probe (Chrono Boost)  
  20  1:24  Cybernetics Core  
  21  1:29  Probe  
  22  1:34  Pylon  
  22  1:41  Probe  
  23  1:53  Probe  
  24  2:00  Adept x2  
  24  2:01  Warp Gate  
  28  2:05  Probe  
  29  2:12  Pylon  
  29  2:23  Stargate  
  29  2:30  Adept  
  29  2:31  Adept  
  29  2:36  Probe  
  34  2:42  Pylon  
  33  2:49  Probe  
  34  2:53  Shield Battery  
  34  3:03  Oracle (Chrono Boost)  
  34  3:06  Probe  
  38  3:23  Nexus  
  38  3:25  Probe  
  39  3:35  Pylon  
  39  3:38  Oracle (Chrono Boost)  
  42  3:45  Probe  
  43  3:50  Stalker  
  43  3:52  Stalker  
  47  4:03  Probe  
  42  4:10  Twilight Council  
  42  4:15  Probe  
  39  4:21  Stalker  
  41  4:25  Stalker  
  41  4:28  Probe  
  44  4:35  Probe  
  45  4:40  Probe  
  45  4:44  Stalker  
  48  4:47  Probe, Blink (Chrono Boost)  
  48  4:52  Probe  
  50  4:59  Probe  
  51  5:02  Assimilator  
  51  5:03  Stalker  
  51  5:04  Probe  
  52  5:11  Probe  
  52  5:16  Probe  
  52  5:21  Gateway  
  53  5:23  Probe  
  53  5:25  Stalker  
  53  5:28  Probe  
  57  5:31  Pylon  
  57  5:35  Probe  
  57  5:39  Stalker  
  57  5:40  Probe  
  61  5:48  Probe  
  61  5:52  Probe  
  62  6:00  Probe  
  62  6:03  Pylon  
  63  6:04  Probe  
  63  6:07  Nexus  
  64  6:12  Probe  
  64  6:13  Stalker  
  64  6:16  Probe  
  64  6:17  Stalker  
  70  6:22  Stalker  
  72  6:25  Probe  
  72  6:28  Pylon  
  72  6:29  Probe  
  74  6:37  Stalker  
  74  6:38  Probe  
  74  6:39  Pylon  
  77  6:41  Probe  
  78  6:50  Pylon  
  78  6:52  Stalker x2  
  82  6:55  Shield Battery  
  82  6:57  Probe x2  
  84  7:03  Forge  
  84  7:09  Probe, Stalker  
  84  7:11  Probe, Shield Battery  
  88  7:20  Probe  
  88  7:21  Probe  
  90  7:23  Probe  
  91  7:31  Stalker x2  
  91  7:32  Probe  
  91  7:33  Probe  
  95  7:44  Gateway  
  96  7:47  Gateway, Photon Cannon  
  96  7:49  Gateway, Photon Cannon  
  93  7:54  Stalker x2  
Tags
 
Add a new tag
Caveats
  • Supply blocks, unpowered buildings, or Contaminate may cause inaccurate times.
  • Supply counts are checked every 10 seconds.